 Dungeon Crawl Stone Soup version 0.31-a0-1589-g8f5e8aebd6 (webtiles) character file.

Game seed: 9122295016054454851

178 Firecrotchwizard the Cudgeller (level 5, 0/46 HPs)
             Began as an Armataur Berserker on Jan 6, 2024.
             Was a Believer of Trog.
             Slain by a black bear (2 damage)
             ... on level 3 of the Dungeon.
             The game lasted 00:05:21 (2094 turns).

Firecrotchwizard the Cudgeller (Armataur Berserker) Turns: 2094, Time: 00:05:21

Health: 0/46       AC:  7    Str: 24    XL:     5   Next: 32%
Magic:  5/5        EV: 11    Int:  8    God:    Trog [**....]
Gold:   155        SH:  0    Dex:  9    Spells: 4/4 levels left

rFire   . . .        a - +0 mace
rCold   . . .        (no shield)
rNeg    . . .        q - +0 chain mail
rPois   .            (no helmet)
rElec   .            (no cloak)
rCorr   .            (no gloves)
SInv    .            (no barding)
Will    .....        (no amulet) Stlth
                     r - +5 ring of evasion
HPRegen 0.27/turn    (no ring)
MPRegen 0.09/turn

%: roll
@: no status effects
A: large, deformed body, tough skin 3, armoured tail, roll 1
a: Renounce Religion, Berserk, Trog's Hand


You were on level 3 of the Dungeon.
You worshipped Trog.
Trog was pleased with you.
You visited 1 branch of the dungeon, and saw 3 of its levels.

You collected 155 gold pieces.

Inventory:

Hand Weapons
 a - a +0 mace (weapon)
Missiles
 p - 5 poisoned darts
Armour
 b - a +0 animal skin
 i - a +0 ring mail
 q - a +0 chain mail (worn)
Jewellery
 r - a +5 ring of evasion (left hand)
Scrolls
 c - a scroll of teleportation {unknown}
 d - a scroll of fear {unknown}
 h - 2 scrolls of poison {unknown}
 j - 2 scrolls of noise {unknown}
 k - a scroll of identify {unknown}
 m - 2 scrolls of vulnerability {unknown}
 s - a scroll of torment {unknown}
Potions
 e - a potion of brilliance {unknown}
 f - 3 potions of lignification {unknown}
 g - a potion of attraction {unknown}
 l - a potion of might {unknown}
 n - a potion of mutation {unknown}
 o - 3 potions of enlightenment {unknown}
 t - 2 potions of curing {unknown}


   Skills:
 + Level 3.8 Fighting
 * Level 4.8 Maces & Flails
 - Level 2.4 Armour
 - Level 1.3 Dodging


You had 4 spell levels left.
You didn't know any spells.
Your spell library was empty.

Dungeon Overview and Level Annotations

Branches:
Dungeon (3/15)

Altars:
Gozag


Innate Abilities, Weirdness & Mutations

Armour fits poorly on your strangely shaped body.
You have extremely tough skin. (AC +3)
You have a long armoured tail.
You regenerate magic when rolling toward enemies. (Rampage MPRegen)


Message History

The orc barely misses you.
You hit the orc. You tail-slap the orc.
You kill the orc!
Trog accepts your kill.
You see here a +0 mace.
o - 3 glowing sapphire potions (gained 1)
Found a club.
You see here a +0 club.
A ball python comes into view.
The ball python hisses angrily.
A ball python is nearby!
You roll towards the ball python!
The ball python bites you but does no damage.
You hit the ball python.
You kill the ball python!
Trog accepts your kill.
Found a stone staircase leading down.
Found a stone staircase leading up.
Found a sling.
t - 2 yellow potions (gained 1)
A hobgoblin comes into view.
There is a stone staircase leading up here.
A hobgoblin is nearby!
Found an opulent altar of Gozag.
You roll towards the hobgoblin!
You barely miss the hobgoblin. You tail-slap the hobgoblin.
The hobgoblin is almost dead.
The hobgoblin hits you.
You barely miss the hobgoblin.
The hobgoblin is almost dead.
The hobgoblin hits you but does no damage.
You thump the hobgoblin!
You kill the hobgoblin!
Trog accepts your kill.
You see here a hobgoblin corpse.
You now have 155 gold pieces (gained 15).
A black bear comes into view.
Found a mace.
The black bear growls angrily.
You hear a shout!
Found a book of Spatial Translocations.
An orc priest comes into view. It is wielding a +0 hand axe.
You barely miss the black bear. The black bear closely misses you.
The black bear barely misses you. The black bear closely misses you.
The orc priest begins to cast a cantrip, but forgets the words!
The black bear barely misses you. The black bear claws you. x2
You barely miss the black bear. You tail-slap the black bear.
The black bear is lightly wounded.
The black bear bites you. The black bear claws you. x2
You barely miss the black bear. You tail-slap the black bear!
The black bear is heavily wounded.
The black bear barely misses you. The black bear closely misses you.
The black bear claws you but does no damage.
You barely miss the black bear.
The black bear is heavily wounded.
The black bear completely misses you. The black bear barely misses you.
The black bear claws you but does no damage.
You hit the orc priest. You tail-slap the orc priest.
The orc priest is severely wounded.
The black bear bites you.
The black bear claws you but does no damage. x2
The orc priest hits you but does no damage.
You closely miss the orc priest.
The orc priest is severely wounded.
The black bear closely misses you. The black bear misses you.
The black bear claws you but does no damage.
The orc priest calls down the wrath of Beogh upon you.
Beogh smites you!
* * * LOW HITPOINT WARNING * * *
You closely miss the orc priest. You tail-slap the orc priest.
The orc priest is severely wounded.
The black bear bites you.
* * * LOW HITPOINT WARNING * * *
The black bear claws you but does no damage.
The black bear claws you.
* * * LOW HITPOINT WARNING * * *
The orc priest hits you with a +0 hand axe.
* * * LOW HITPOINT WARNING * * *
The black bear closely misses you.
The black bear claws you but does no damage.
The black bear completely misses you.
The orc priest hits you with a +0 hand axe.
* * * LOW HITPOINT WARNING * * *
Unknown command.
You hit the orc priest.
You kill the orc priest!
Trog accepts your kill. The black bear bites you.
* * * LOW HITPOINT WARNING * * *
The black bear claws you but does no damage. x2
You thump the black bear!
Your tail-slap misses the black bear.
The black bear is severely wounded.
The black bear bites you.
* * * LOW HITPOINT WARNING * * *
The black bear barely misses you. x2
You closely miss the black bear.
The black bear is severely wounded.
The black bear bites you.
* * * LOW HITPOINT WARNING * * *
The black bear claws you.
You die...

.≈..≈.≈..≈..#
.≈≈.....≈≈..# ### #####
....._......# ... ..#..
.≈≈)....≈≈..# #.###.#.#
.≈..≈.≈..≈..# #)#.#.#.#
...≈≈.≈≈...####.#.#.#.#
:.....h..............>#
#....)@.....<....#.#.##
#.#####................
#####............#.##
..............####...
#####..†......###...#
#.................#
###....#######..###
..................
#.#....######..####


You could see a black bear.

Vanquished Creatures
  An orc priest (D:3)
  Jessica (D:2)
  An iguana (D:2)
  3 adders (D:2)
  3 ribbon worms
  A dart slug (D:1)
  2 orcs (D:3)
  3 endoplasms
  A giant cockroach (D:1)
  7 goblins
  7 hobgoblins
  4 quokkas (D:2)
  4 ball pythons
  3 bats (D:1)
  5 frilled lizards (D:1)
  9 kobolds
  2 rats
57 creatures vanquished.

Notes
Turn   | Place    | Note
-------+----------+-------------------------------------------
     0 | D:1      | Firecrotchwizard the Armataur Berserker began the quest for
                  | the Orb.
     0 | D:1      | Reached XP level 1. HP: 18/18 MP: 1/1
   190 | D:1      | Reached skill level 3 in Maces & Flails
   263 | D:1      | Found a faded altar of an unknown god.
   265 | D:1      | Reached XP level 2. HP: 25/25 MP: 2/2
   513 | D:1      | Reached ** piety under Trog
   612 | D:1      | Reached XP level 3. HP: 31/31 MP: 3/3
  1090 | D:2      | Reached skill level 4 in Maces & Flails
  1090 | D:2      | Reached XP level 4. HP: 24/38 MP: 4/4
  1349 | D:2      | Noticed Jessica
  1360 | D:2      | Killed Jessica
  1892 | D:3      | Reached XP level 5. HP: 46/46 MP: 5/5
  2065 | D:3      | Found an opulent altar of Gozag.
  2081 | D:3      | Noticed a black bear
  2094 | D:3      | HP: 2/46 [black bear (2)]
  2094 | D:3      | Slain by a black bear

Illustrated notes

Levels and vault maps discovered:
D:1:      minmay_arrival_jagged, layout_loops_ring,
          chequers_ecumenical_altar_simple_redux
D:2:      layout_basic, uniq_jessica
D:3:      layout_basic, mainiacjoe_overflow_small_starburst,
          nrook_mini_backslash

Skill      XL: |  1  2  3 |
---------------+----------+-----
Maces & Flails | 3 4 |  4.8
Fighting       | 3 |  3.8
Armour         | |  2.4
Dodging        | |  1.3

Action                     |  1- 3 |  4- 6 || total
---------------------------+-------+-------++-------
  Melee: Mace              |   123 |    80 ||   203
         Tailslap          |    16 |    12 ||    28
   Stab: Sleeping          |     1 |       ||     1
 Armour: Animal skin       |    88 |       ||    88
         Ring mail         |     4 |    29 ||    33
         Chain mail        |       |    38 ||    38
  Dodge: Dodged            |    67 |    47 ||   114

Table legend: (Time is in decaauts)
 A = Elapsed time spent in this place.
 B = Non-inter-level travel time spent in this place.
 C = Inter-level travel time spent in this place.
 D = Time resting spent in this place.
 E = Time spent auto-exploring this place.
 F = Levels seen in this place.
 G = Mean time per level.
                   A        B        C        D        E       F      G
               +--------+--------+--------+--------+--------+-----+--------+
         Total |   2136 |   2089 |     47 |      0 |   1619 |   3 |  712.0 |
       Dungeon |   2136 |   2089 |     47 |      0 |   1619 |   3 |  712.0 |
               +--------+--------+--------+--------+--------+-----+--------+

Top non-repeatable levels by time:
     D:2: 1117 daAuts
     D:1: 760 daAuts
     D:3: 258 daAuts
